General information
- name: BNet
- type: Ladder team game (AT/RT)
- host: Battle.net
- saver: Mata.
map: Highperch
- players: 6
- length: 40:11
- speed: Fast
- version: 1.21 W3XP
- replay type:

» download(343 KB)
Players
team 1 (loser)
CELP]Blazz (
teal | 107 APM | 4318 actions | 40:10)
5 Tauren Chieftain
3 Shockwave
2 Endurance Aura
» actions
| Assign group hotkey | 73 | |
| Basic commands | 31 | |
| Build / train | 95 | |
| ESC pressed | 7 | |
| Enter build submenu | 10 | |
| Enter hero's abilities submenu | 5 | |
| Give item / drop item | 7 | |
| Right click | 2105 | |
| Select / deselect | 550 | |
| Select group hotkey | 1150 | |
| Use ability | 285 | |
4318 total
» units
| Peon | 10 | |
| Grunt | 12 | |
| Troll Batrider | 15 | |
| Kodo Beast | 1 | |
38 total
» upgrades
| Liquid Fire | 1 | |
| Ranged Weapons | 3 | |
4 total
» buildings
| Altar of Storms | 1 | |
| Orc Burrow | 4 | |
| Barracks | 1 | |
| Voodoo Lounge | 1 | |
| Stronghold | 1 | |
| Fortress | 1 | |
| Beastiary | 2 | |
| War Mill | 1 | |
12 total
» build order
00:05 Altar of Storms
00:18 Orc Burrow
00:35 Barracks
01:27 Orc Burrow
01:53 Voodoo Lounge
03:14 Orc Burrow
04:31 Stronghold
06:56 Fortress
06:59 Beastiary
07:01 Beastiary
08:10 Orc Burrow
09:49 War Mill
» items
| Healing Salve | 5 | |
| Lesser Clarity Potion | 17 | |
| Potion of Mana | 8 | |
| Boots of Speed | 1 | |
| Staff of Teleportation | 1 | |
| Scroll of Town Portal | 1 | |
| Orb of Lightning | 1 | |
| Potion of Healing | 1 | |
| Scroll of Regeneration | 2 | |
37 total
Chaos[Z] (
orange | 172 APM | 5362 actions | 31:11)
4 Archmage
2 Summon Water Elemental
2 Brilliance Aura
3 Blood Mage
2 Flame Strike
1 Siphon Mana
» actions
| Assign group hotkey | 225 | |
| Basic commands | 444 | |
| Build / train | 94 | |
| ESC pressed | 3 | |
| Enter build submenu | 33 | |
| Enter hero's abilities submenu | 7 | |
| Give item / drop item | 4 | |
| Right click | 2304 | |
| Select / deselect | 1299 | |
| Select group hotkey | 738 | |
| Use ability | 211 | |
5362 total
» units
| Peasant | 11 | |
| Footman | 7 | |
| Siege Engine | 5 | |
| Mortar Team | 15 | |
| Dragonhawk Rider | 4 | |
42 total
» upgrades
| Defend | 1 | |
| Lumber Harvesting | 2 | |
| Plating | 1 | |
| Gunpowder | 1 | |
| Barrage | 1 | |
| Fragmentation Shards | 1 | |
| Cloud | 1 | |
| Flare | 1 | |
9 total
» buildings
| Altar of Kings | 1 | |
| Farm | 7 | |
| Barracks | 2 | |
| Keep | 6 | |
| Scout Tower | 6 | |
| Lumber Mill | 1 | |
| Guard Tower | 6 | |
| Castle | 2 | |
| Blacksmith | 1 | |
| Arcane Vault | 1 | |
| Workshop | 2 | |
| Gryphon Aviary | 2 | |
37 total
» build order
00:04 Altar of Kings
00:29 Farm
00:56 Barracks
01:09 Farm
02:44 Keep
02:44 Keep
02:44 Keep
02:44 Keep
03:08 Scout Tower
03:10 Lumber Mill
03:12 Farm
04:08 Scout Tower
04:08 Scout Tower
04:40 Scout Tower
04:41 Guard Tower
04:41 Guard Tower
04:42 Scout Tower
05:16 Guard Tower
05:16 Guard Tower
05:49 Guard Tower
06:07 Castle
06:12 Blacksmith
06:16 Arcane Vault
07:22 Farm
07:23 Farm
07:58 Workshop
08:15 Barracks
08:17 Workshop
09:13 Farm
09:14 Farm
19:15 Scout Tower
19:19 Gryphon Aviary
19:19 Gryphon Aviary
» items
| Scroll of Regeneration | 7 | |
| Staff of Sanctuary | 1 | |
8 total
R.O.DD (
red | 123 APM | 4470 actions | 36:27)
4 Death Knight
2 Death Coil
2 Unholy Aura
3 Lich
2 Frost Nova
1 Frost Armor
» actions
| Assign group hotkey | 62 | |
| Basic commands | 227 | |
| Build / train | 72 | |
| ESC pressed | 1 | |
| Enter build submenu | 17 | |
| Enter hero's abilities submenu | 7 | |
| Give item / drop item | 3 | |
| Remove unit from queue | 4 | |
| Right click | 1968 | |
| Select / deselect | 493 | |
| Select group hotkey | 1481 | |
| Use ability | 135 | |
4470 total
» units
| Acolyte | 2 | |
| Ghoul | 5 | |
| Crypt Fiend | 12 | |
| Frost Wyrm | 9 | |
28 total
» upgrades
| Web | 1 | |
| Freezing Breath | 1 | |
| Creature Carapace | 1 | |
| Creature Attack | 1 | |
| Ghoul Frenzy | 1 | |
5 total
» buildings
| Graveyard | 1 | |
| Crypt | 1 | |
| Ziggurat | 6 | |
| Altar of Darkness | 1 | |
| Tomb of Relics | 1 | |
| Halls of the Dead | 1 | |
| Black Citadel | 2 | |
| Sacrificial Pit | 1 | |
| Boneyard | 3 | |
17 total
» build order
00:09 Graveyard
00:12 Crypt
00:40 Ziggurat
00:59 Altar of Darkness
01:14 Tomb of Relics
02:09 Ziggurat
03:52 Halls of the Dead
06:14 Black Citadel
06:30 Sacrificial Pit
07:03 Ziggurat
07:04 Ziggurat
09:15 Boneyard
09:16 Boneyard
09:42 Boneyard
10:25 Ziggurat
13:56 Ziggurat
» items
| Rod of Necromancy | 2 | |
| Orb of Corruption | 1 | |
| Scroll of Healing | 1 | |
| Potion of Mana | 1 | |
| Lesser Clarity Potion | 3 | |
| Scroll of Regeneration | 6 | |
| Potion of Healing | 1 | |
15 total
team 2 (winner)

»
iggy_the_fisk (
green | 113 APM | 4557 actions | 40:10)
4 Archmage
2 Blizzard
2 Brilliance Aura
3 Pandaren Brewmaster
2 Breath of Fire
1 Drunken Haze
4 Mountain King
2 Storm Bolt
2 Bash
» actions
| Assign group hotkey | 90 | |
| Basic commands | 18 | |
| Build / train | 133 | |
| Enter build submenu | 119 | |
| Enter hero's abilities submenu | 14 | |
| Give item / drop item | 4 | |
| Right click | 2376 | |
| Select / deselect | 441 | |
| Select group hotkey | 1075 | |
| Use ability | 287 | |
4557 total
» units
» upgrades
| Masonry | 3 | |
| Lumber Harvesting | 2 | |
| Magic Sentry | 1 | |
6 total
» buildings
| Altar of Kings | 1 | |
| Lumber Mill | 1 | |
| Farm | 7 | |
| Scout Tower | 113 | |
| Arcane Tower | 3 | |
| Guard Tower | 54 | |
| Keep | 1 | |
| Castle | 1 | |
| Arcane Vault | 2 | |
| Arcane Sanctum | 1 | |
| Town Hall | 1 | |
185 total
» build order
00:03 Altar of Kings
00:19 Lumber Mill
00:29 Farm
01:14 Scout Tower
01:37 Farm
01:41 Arcane Tower
01:43 Scout Tower
02:03 Scout Tower
02:11 Guard Tower
02:11 Guard Tower
02:22 Scout Tower
02:32 Arcane Tower
02:34 Scout Tower
02:50 Guard Tower
03:04 Guard Tower
03:10 Scout Tower
03:12 Scout Tower
03:32 Scout Tower
03:45 Guard Tower
03:48 Scout Tower
03:49 Guard Tower
03:51 Scout Tower
03:59 Keep
04:03 Guard Tower
04:05 Scout Tower
04:21 Guard Tower
04:23 Scout Tower
04:25 Guard Tower
04:26 Scout Tower
04:28 Scout Tower
04:29 Scout Tower
04:34 Guard Tower
04:42 Scout Tower
04:52 Guard Tower
04:54 Guard Tower
05:13 Guard Tower
05:20 Guard Tower
05:33 Scout Tower
05:34 Scout Tower
05:38 Scout Tower
05:48 Guard Tower
06:20 Scout Tower
06:32 Guard Tower
06:34 Scout Tower
06:35 Scout Tower
06:35 Castle
06:38 Farm
06:39 Farm
06:41 Guard Tower
06:46 Scout Tower
07:00 Arcane Tower
07:04 Scout Tower
07:56 Guard Tower
07:57 Scout Tower
08:01 Guard Tower
08:05 Scout Tower
08:06 Scout Tower
08:08 Guard Tower
08:09 Scout Tower
08:44 Guard Tower
08:46 Scout Tower
09:41 Guard Tower
09:45 Scout Tower
09:46 Scout Tower
09:50 Arcane Vault
10:23 Guard Tower
10:26 Farm
11:38 Scout Tower
11:41 Scout Tower
11:42 Scout Tower
11:44 Guard Tower
11:46 Scout Tower
11:47 Scout Tower
12:46 Guard Tower
12:47 Scout Tower
12:49 Guard Tower
12:50 Scout Tower
13:12 Scout Tower
13:23 Guard Tower
13:24 Scout Tower
13:25 Scout Tower
13:38 Guard Tower
13:40 Scout Tower
14:29 Guard Tower
14:35 Guard Tower
14:36 Scout Tower
14:40 Scout Tower
14:44 Scout Tower
16:32 Scout Tower
16:35 Scout Tower
16:37 Scout Tower
16:39 Guard Tower
16:40 Scout Tower
16:41 Scout Tower
16:51 Scout Tower
16:53 Scout Tower
16:56 Scout Tower
17:01 Guard Tower
17:25 Guard Tower
19:17 Guard Tower
19:18 Scout Tower
19:19 Scout Tower
19:21 Scout Tower
19:21 Scout Tower
19:30 Arcane Sanctum
19:40 Scout Tower
19:42 Scout Tower
19:43 Scout Tower
19:45 Guard Tower
19:49 Scout Tower
19:49 Scout Tower
19:52 Scout Tower
19:54 Scout Tower
19:58 Scout Tower
19:58 Guard Tower
20:21 Scout Tower
20:23 Scout Tower
20:50 Guard Tower
20:52 Scout Tower
20:54 Scout Tower
20:55 Scout Tower
21:00 Scout Tower
21:00 Scout Tower
21:14 Farm
21:15 Farm
21:32 Guard Tower
22:11 Scout Tower
22:12 Guard Tower
22:13 Scout Tower
22:14 Scout Tower
22:14 Scout Tower
22:15 Scout Tower
22:17 Scout Tower
22:21 Scout Tower
22:22 Scout Tower
22:25 Scout Tower
22:25 Scout Tower
22:26 Scout Tower
22:26 Scout Tower
22:26 Scout Tower
22:42 Scout Tower
22:43 Scout Tower
22:53 Scout Tower
23:01 Scout Tower
23:03 Scout Tower
23:06 Guard Tower
24:01 Guard Tower
24:20 Arcane Vault
24:21 Guard Tower
24:22 Scout Tower
24:52 Scout Tower
24:53 Scout Tower
24:54 Scout Tower
24:55 Scout Tower
25:31 Guard Tower
25:33 Scout Tower
25:34 Scout Tower
25:35 Scout Tower
25:37 Guard Tower
25:38 Scout Tower
25:39 Scout Tower
25:40 Scout Tower
25:40 Scout Tower
25:44 Scout Tower
27:04 Guard Tower
27:43 Guard Tower
28:49 Town Hall
29:10 Guard Tower
29:12 Scout Tower
29:13 Scout Tower
29:38 Scout Tower
29:39 Scout Tower
29:48 Guard Tower
29:48 Guard Tower
30:21 Guard Tower
30:24 Scout Tower
30:25 Scout Tower
30:26 Scout Tower
31:09 Guard Tower
31:11 Scout Tower
31:11 Scout Tower
32:07 Guard Tower
36:24 Guard Tower
» items
| Healing Salve | 3 | |
| Boots of Speed | 1 | |
| Staff of Teleportation | 1 | |
| Staff of Sanctuary | 3 | |
| Orb of Lightning | 3 | |
| Scroll of Regeneration | 4 | |
| Scroll of Town Portal | 2 | |
| Lesser Clarity Potion | 4 | |
21 total
Mata. (
yellow | 113 APM | 4534 actions | 40:11)
7 Tauren Chieftain
3 Shockwave
3 Endurance Aura
1 Reincarnation
» actions
| Assign group hotkey | 790 | |
| Basic commands | 71 | |
| Build / train | 142 | |
| Enter build submenu | 38 | |
| Enter hero's abilities submenu | 7 | |
| Give item / drop item | 2 | |
| Remove unit from queue | 18 | |
| Right click | 1911 | |
| Select / deselect | 771 | |
| Select group hotkey | 269 | |
| Use ability | 515 | |
4534 total
» units
| Peon | 25 | |
| Troll Batrider | 22 | |
| Shaman | 6 | |
| Wind Rider | 6 | |
| Troll Witch Doctor | 1 | |
| Raider | 3 | |
63 total
» upgrades
| Reinforced Defenses | 1 | |
| Spiked Barricades | 2 | |
| Shaman Training | 2 | |
| Witch Doctor Training | 2 | |
| Armor | 1 | |
| Envenomed Spears | 1 | |
| Pillage | 1 | |
10 total
» buildings
| Altar of Storms | 2 | |
| Orc Burrow | 9 | |
| Voodoo Lounge | 2 | |
| Stronghold | 3 | |
| Great Hall | 5 | |
| Fortress | 2 | |
| War Mill | 1 | |
| Beastiary | 2 | |
| Watch Tower | 7 | |
| Spirit Lodge | 1 | |
34 total
» build order
00:08 Altar of Storms
00:09 Altar of Storms
00:27 Orc Burrow
02:34 Orc Burrow
02:41 Voodoo Lounge
02:50 Voodoo Lounge
04:15 Stronghold
04:15 Stronghold
05:51 Great Hall
05:59 Great Hall
06:03 Great Hall
06:17 Great Hall
06:46 Fortress
06:46 Fortress
07:51 War Mill
08:06 Beastiary
08:06 Beastiary
08:17 Orc Burrow
08:17 Orc Burrow
09:25 Watch Tower
09:26 Watch Tower
10:33 Great Hall
10:36 Watch Tower
10:38 Watch Tower
11:06 Spirit Lodge
12:03 Watch Tower
12:04 Watch Tower
20:51 Watch Tower
33:11 Orc Burrow
33:12 Orc Burrow
33:14 Orc Burrow
33:15 Orc Burrow
33:17 Orc Burrow
» items
| Boots of Speed | 1 | |
| Staff of Teleportation | 1 | |
| Healing Salve | 5 | |
| Orb of Lightning | 1 | |
| Lesser Clarity Potion | 9 | |
| Potion of Mana | 3 | |
| Potion of Healing | 7 | |
| Scroll of Town Portal | 3 | |
30 total

»
TIMG4STRok (
pink | 65 APM | 2624 actions | 40:10)
5 Archmage
3 Blizzard
2 Brilliance Aura
5 Goblin Tinker
2 Cluster Rockets
3 Engineering Upgrade
» actions
| Assign group hotkey | 3 | |
| Basic commands | 42 | |
| Build / train | 145 | |
| ESC pressed | 3 | |
| Enter build submenu | 119 | |
| Enter hero's abilities submenu | 11 | |
| Give item / drop item | 1 | |
| Right click | 1000 | |
| Select / deselect | 376 | |
| Select group hotkey | 616 | |
| Use ability | 308 | |
2624 total
» units
» upgrades
| Masonry | 3 | |
| Lumber Harvesting | 2 | |
| Magic Sentry | 1 | |
6 total
» buildings
| Altar of Kings | 1 | |
| Lumber Mill | 2 | |
| Farm | 3 | |
| Scout Tower | 178 | |
| Arcane Tower | 1 | |
| Guard Tower | 82 | |
| Town Hall | 2 | |
| Keep | 1 | |
| Arcane Vault | 1 | |
| Castle | 1 | |
| Arcane Sanctum | 1 | |
273 total
» build order
00:18 Altar of Kings
00:25 Lumber Mill
00:37 Farm
00:56 Scout Tower
01:00 Scout Tower
01:22 Arcane Tower
01:28 Guard Tower
01:36 Scout Tower
01:37 Scout Tower
01:54 Farm
02:03 Guard Tower
02:10 Scout Tower
02:11 Scout Tower
02:27 Scout Tower
02:29 Scout Tower
02:40 Guard Tower
03:03 Scout Tower
03:04 Scout Tower
03:06 Guard Tower
03:14 Guard Tower
03:50 Guard Tower
03:51 Scout Tower
03:52 Scout Tower
04:24 Guard Tower
04:26 Scout Tower
04:27 Scout Tower
05:27 Guard Tower
05:38 Town Hall
06:15 Scout Tower
06:15 Scout Tower
06:17 Scout Tower
06:22 Scout Tower
06:24 Scout Tower
06:29 Farm
06:48 Guard Tower
06:52 Scout Tower
07:46 Scout Tower
07:46 Scout Tower
07:47 Scout Tower
07:49 Scout Tower
07:50 Scout Tower
07:51 Scout Tower
07:51 Scout Tower
08:09 Keep
08:29 Guard Tower
08:31 Guard Tower
09:07 Arcane Vault
09:10 Guard Tower
09:22 Guard Tower
09:31 Scout Tower
09:38 Scout Tower
09:39 Scout Tower
09:48 Scout Tower
09:49 Scout Tower
09:53 Scout Tower
09:55 Scout Tower
09:56 Scout Tower
10:01 Guard Tower
10:17 Guard Tower
10:22 Scout Tower
10:24 Scout Tower
10:33 Guard Tower
11:28 Scout Tower
11:28 Scout Tower
11:38 Guard Tower
11:44 Scout Tower
11:45 Scout Tower
11:46 Scout Tower
12:13 Guard Tower
12:34 Guard Tower
12:36 Scout Tower
12:41 Guard Tower
13:02 Scout Tower
13:04 Guard Tower
13:07 Guard Tower
13:09 Scout Tower
13:10 Scout Tower
13:14 Scout Tower
13:14 Scout Tower
13:15 Scout Tower
13:16 Scout Tower
13:17 Scout Tower
13:18 Scout Tower
13:19 Scout Tower
13:20 Scout Tower
13:25 Town Hall
13:42 Scout Tower
13:42 Scout Tower
13:43 Scout Tower
13:44 Scout Tower
13:50 Scout Tower
13:53 Scout Tower
14:02 Guard Tower
14:02 Guard Tower
14:04 Guard Tower
14:11 Lumber Mill
14:23 Scout Tower
14:26 Guard Tower
14:30 Castle
14:46 Guard Tower
15:01 Guard Tower
15:12 Guard Tower
15:27 Guard Tower
15:30 Guard Tower
15:32 Guard Tower
15:47 Scout Tower
15:48 Scout Tower
15:49 Scout Tower
15:49 Scout Tower
16:27 Guard Tower
16:30 Guard Tower
16:33 Arcane Sanctum
16:35 Scout Tower
16:36 Scout Tower
16:53 Guard Tower
17:48 Scout Tower
17:49 Scout Tower
17:50 Scout Tower
17:51 Scout Tower
17:58 Guard Tower
18:07 Scout Tower
18:08 Scout Tower
18:09 Scout Tower
18:10 Scout Tower
18:19 Guard Tower
18:23 Guard Tower
18:44 Guard Tower
18:45 Guard Tower
18:48 Scout Tower
18:48 Scout Tower
18:49 Scout Tower
18:50 Scout Tower
18:51 Scout Tower
18:51 Scout Tower
18:52 Scout Tower
18:53 Guard Tower
19:09 Guard Tower
19:11 Scout Tower
19:11 Scout Tower
19:16 Guard Tower
19:37 Guard Tower
19:40 Guard Tower
19:45 Scout Tower
19:45 Scout Tower
19:47 Scout Tower
19:48 Scout Tower
20:14 Guard Tower
20:16 Scout Tower
20:17 Scout Tower
20:19 Guard Tower
20:28 Scout Tower
20:42 Scout Tower
20:43 Scout Tower
20:44 Scout Tower
20:44 Scout Tower
20:46 Scout Tower
20:47 Scout Tower
20:48 Scout Tower
20:48 Scout Tower
20:50 Guard Tower
20:53 Scout Tower
20:54 Scout Tower
20:56 Scout Tower
20:57 Guard Tower
20:59 Scout Tower
20:59 Scout Tower
21:15 Guard Tower
21:25 Guard Tower
21:30 Guard Tower
21:31 Scout Tower
21:32 Scout Tower
21:48 Guard Tower
22:05 Guard Tower
22:15 Scout Tower
22:15 Scout Tower
22:16 Scout Tower
22:17 Scout Tower
22:19 Scout Tower
22:20 Scout Tower
22:21 Scout Tower
22:21 Scout Tower
22:45 Guard Tower
23:01 Guard Tower
23:04 Scout Tower
23:05 Scout Tower
23:17 Guard Tower
23:40 Guard Tower
24:18 Guard Tower
24:20 Scout Tower
24:27 Scout Tower
24:33 Scout Tower
24:34 Scout Tower
24:38 Scout Tower
24:56 Guard Tower
25:03 Guard Tower
25:23 Guard Tower
25:27 Scout Tower
25:32 Scout Tower
25:35 Guard Tower
26:15 Guard Tower
26:23 Scout Tower
26:24 Scout Tower
26:25 Scout Tower
26:25 Scout Tower
26:26 Scout Tower
26:26 Scout Tower
26:27 Scout Tower
26:27 Scout Tower
26:28 Scout Tower
26:29 Scout Tower
26:30 Scout Tower
26:33 Scout Tower
26:33 Scout Tower
27:39 Scout Tower
27:42 Scout Tower
27:43 Scout Tower
27:46 Scout Tower
27:47 Scout Tower
27:49 Scout Tower
27:50 Scout Tower
27:51 Scout Tower
27:52 Scout Tower
27:54 Scout Tower
27:55 Scout Tower
27:57 Scout Tower
27:58 Scout Tower
27:59 Scout Tower
28:00 Scout Tower
28:04 Scout Tower
28:05 Scout Tower
28:07 Scout Tower
28:08 Scout Tower
28:10 Scout Tower
28:11 Scout Tower
28:12 Scout Tower
28:13 Scout Tower
28:13 Scout Tower
28:15 Scout Tower
28:15 Scout Tower
28:45 Guard Tower
29:00 Guard Tower
29:03 Guard Tower
29:17 Guard Tower
29:26 Guard Tower
29:32 Guard Tower
29:54 Guard Tower
30:16 Guard Tower
32:15 Guard Tower
32:29 Guard Tower
32:32 Scout Tower
32:33 Scout Tower
32:37 Scout Tower
32:37 Scout Tower
32:39 Scout Tower
32:40 Scout Tower
32:41 Scout Tower
32:42 Scout Tower
32:43 Scout Tower
32:44 Scout Tower
32:45 Scout Tower
32:46 Scout Tower
32:47 Scout Tower
32:48 Scout Tower
32:49 Scout Tower
32:50 Scout Tower
32:59 Guard Tower
33:30 Guard Tower
33:53 Guard Tower
34:55 Guard Tower
35:16 Guard Tower
36:19 Guard Tower
37:52 Guard Tower
37:54 Guard Tower
» items
| Boots of Speed | 2 | |
| Lesser Clarity Potion | 1 | |
| Healing Salve | 1 | |
| Scroll of Regeneration | 1 | |
| Staff of Sanctuary | 2 | |
| Orb of Lightning | 2 | |
| Staff of Teleportation | 2 | |
11 total
Chat log
(00:04 / Allies) TIMG4STRok: can we thumbs this map
(00:10 / Allies) TIMG4STRok: sent
(00:15 / Allies) Mata.: you two send
(00:16 / Allies) Mata.: i'll feed ya
(00:22 / Allies) Mata.: also
(00:24 / Allies) Mata.: we need to lossbot
(00:31 / Allies) Mata.: so we can start finding games again
(00:47 / Allies) Mata.: or atleast leave more often...
(00:59 / Allies) TIMG4STRok: gold
(01:40 / Allies) Mata.: sending a orkyshop
(01:48 / Allies) TIMG4STRok: noob shit
(01:50 / Allies) TIMG4STRok: i have 4 towers
(01:51 / Allies) TIMG4STRok: he got 2
(01:58 / Allies) Mata.: is a race for da pryze
(02:00 / Allies) iggy_the_fisk: zzz
(02:04 / All) TIMG4STRok: NO
(02:05 / All) iggy_the_fisk: PLEASE
(02:08 / All) TIMG4STRok: BROOOOOOOCE *raspy strained voicE*
(02:22 / Allies) Mata.: uh huh
(02:27 / Allies) Mata.: he went for it
(04:13 / All) iggy_the_fisk: Lmao noobs
(04:14 / Allies) TIMG4STRok: creepin myself a spo
(04:17 / All) iggy_the_fisk: leave
(04:25 / Allies) Mata.: creep me a spo too
(04:30 / Allies) Mata.: marn will stand watch on the walle
(04:32 / Allies) TIMG4STRok: yopu take these 2
(04:33 / Allies) Mata.: fine
(05:00 / Allies) Mata.: gayest thing is spirit pigs in creep camps
(05:03 / Allies) Mata.: dont sleep
(05:08 / Allies) Mata.: can they be abolished? i think so
(05:19 / Allies) iggy_the_fisk: can summons be abolished yes i think they can
(05:34 / Allies) Mata.: they dont expire tho
(06:05 / Allies) TIMG4STRok: man those archers kill workers fast
(06:06 / Allies) TIMG4STRok: like 4 hits
(06:09 / Allies) Mata.: ya buring
(06:24 / Allies) Mata.: like tiny little imba potms
(07:02 / Allies) TIMG4STRok: tower
(07:10 / Allies) Mata.: so they're noobs big whoop
(08:23 / Allies) Mata.: dang.
(09:15 / Allies) Mata.: god
(09:17 / Allies) Mata.: hit the salving ones noob
(09:25 / Allies) TIMG4STRok: lum
(10:41 / Allies) TIMG4STRok: any lum
(11:25 / Allies) Mata.: this
(11:26 / Allies) Mata.: timg
(11:27 / Allies) iggy_the_fisk: sweet tinker.
(11:28 / Allies) Mata.: is shittest shop placement
(11:30 / Allies) Mata.: in omniverse
(11:51 / Allies) TIMG4STRok: didnt tihnk it weould block 100%
(12:55 / Allies) Mata.: some bats cent
(14:34 / Allies) TIMG4STRok: lum
(14:37 / Allies) Mata.: timg level 1 masonry
(14:37 / Allies) TIMG4STRok: mad lum
(14:48 / Allies) TIMG4STRok: thats not mad lum
(14:57 / Allies) Mata.: make peasants
(15:02 / Allies) TIMG4STRok: no food
(15:07 / Allies) TIMG4STRok: because no lumber to tower my expo
(15:23 / Allies) iggy_the_fisk: make peasants in beginning of game
(15:52 / All) iggy_the_fisk: bye noobs leave
(16:47 / Allies) TIMG4STRok: repair please
(16:51 / Allies) Mata.: lumber
(17:04 / Allies) iggy_the_fisk: gold
(17:14 / Allies) iggy_the_fisk: 'coolio
(17:22 / Allies) iggy_the_fisk: got that guye next time
(18:23 / Allies) Mata.: man
(18:25 / Allies) Mata.: tims towers are gone
(19:21 / All) iggy_the_fisk: NO
(20:44 / Allies) iggy_the_fisk: mines out
(20:52 / Allies) Mata.: soon
(21:12 / All) TIMG4STRok: U may quit.
(21:37 / All) Mata.: hope you saved up some gold
(22:32 / Allies) iggy_the_fisk: gold
(22:32 / Allies) iggy_the_fisk: lots
(22:42 / Allies) TIMG4STRok: why didnt you expand
(22:46 / Allies) iggy_the_fisk: no time
(22:50 / Allies) iggy_the_fisk: you have 3 so
(24:36 / Allies) Mata.: sheesh
(24:38 / Allies) Mata.: im such a good batter
(24:49 / All) iggy_the_fisk: leave noobs
(24:52 / Allies) Mata.: this guy hasnt landed a single bat on me
(25:06 / All) Chaos[Z]: A GAY CALLING US NOOBS
(25:09 / All) Chaos[Z]: LOL
(25:10 / All) TIMG4STRok: huh
(25:12 / All) TIMG4STRok: ty for free win...
(25:20 / Allies) TIMG4STRok: we should go up, show him what gay is.
(25:29 / Allies) Mata.: too late
(26:13 / All) TIMG4STRok: *thx u for free win8
(26:48 / All) iggy_the_fisk: generous...
(26:51 / All) iggy_the_fisk: we never win..
(26:55 / All) iggy_the_fisk: except when we get free win..
(27:08 / Allies) TIMG4STRok: googogog...
(27:12 / Allies) Mata.: ghay
(27:19 / Allies) iggy_the_fisk: what
(27:22 / Allies) iggy_the_fisk: did you see
(27:24 / Allies) iggy_the_fisk: the panda staffed
(27:24 / Allies) iggy_the_fisk: then died
(27:31 / All) TIMG4STRok: ajhahahahah plug pull.
(27:33 / Allies) iggy_the_fisk: ghay
(27:35 / Allies) iggy_the_fisk: gold
(27:39 / Allies) Mata.: iggy the free handouts
(28:20 / All) iggy_the_fisk: noobs can leave...
(28:41 / All) Mata.: that mine is pretty much empty anyway so have it at noobs
(28:57 / All) Chaos[Z]: POOR GAYS CALLING US NOOBS
(28:58 / All) TIMG4STRok: so scared???
(29:05 / All) iggy_the_fisk: noobos lost the game
(29:09 / All) TIMG4STRok: mad props to:
(29:13 / All) TIMG4STRok: u guys for giving us win.
(29:16 / All) Chaos[Z]: NOT ALWAYS
(29:45 / Allies) TIMG4STRok: damn my spansions out
(29:47 / Allies) TIMG4STRok: any gold
(29:49 / All) Chaos[Z]: LOSING GAMES LIKE THIS ISNT NOBISH WINNERS LIKE SHIT ARE NEWBS
(30:02 / All) TIMG4STRok: caps lock b/c im angry b/c i just got OWNED!!
(30:14 / Allies) TIMG4STRok: gold mata
(31:01 / All) iggy_the_fisk: noobs leave
(31:04 / All) iggy_the_fisk: so bad at warcraft....
(31:10 / Allies) TIMG4STRok: damn theres no lumber on this freakin map
(31:11 / All) TIMG4STRok: BRAZIL HAHAHAH HUAHAUAHUAUHAUHA FAT
(31:15 / All) Mata.: MLOL
(31:19 / All) CELP]Blazz: estan locos estos ?
(31:23 / All) TIMG4STRok: popo zao puta
(31:40 / All) TIMG4STRok: como estas MY DICK!!! HAHAHAHA
(32:00 / All) iggy_the_fisk: better make more fiends brazil noobs
(32:16 / All) CELP]Blazz: esta loco
(32:20 / Allies) TIMG4STRok: dis is going up
(33:10 / All) TIMG4STRok: hope u have $$$$
(33:55 / All) iggy_the_fisk: LEAVE NOOOOBS
(33:57 / All) iggy_the_fisk: NOOOOOOOOOOOBS
(34:00 / All) iggy_the_fisk: NOOOOOOOOOOOOOOOOOOOOOOOOOOOOOOOOOOOOOOOOOOOOOOOOOOOBS
(34:09 / All) CELP]Blazz: make more towers its really funny =)
(34:11 / All) TIMG4STRok: vas esta como esta noobien
(34:21 / All) TIMG4STRok: speak more spanish brazil trash
(34:23 / All) Mata.: GLAD U AGREE
(34:25 / All) TIMG4STRok: hua hua hua
(34:27 / All) CELP]Blazz: claro
(34:29 / All) CELP]Blazz: muahahahaha
(34:35 / All) TIMG4STRok: HAHA CLARO WHATS THAT MEAN I SUCK DICKO HAHAHUAHUA
(34:49 / All) TIMG4STRok: HAHA FREE WIN FROM BRASIL NOOB SPEAK ONLY SPANISH ESPANOL
(34:50 / Allies) Mata.: lets just go
(34:57 / All) CELP]Blazz: si cabron
(35:04 / All) Mata.: BOOM
(35:06 / All) Mata.: OWNAGE
(35:13 / All) Mata.: LMFMAO
(35:20 / All) TIMG4STRok: HAHAHAHAHA SOOOOOOOOO BAD
(35:44 / Allies) Mata.: how the heck he even have gold for that
(36:04 / All) iggy_the_fisk: LMAO NOOOB
(36:08 / All) TIMG4STRok: COMO SE DICE U GOT PWNED LMFAO
(36:09 / All) iggy_the_fisk: CANT MICRO LEAVE NOOB
(36:30 / All) TIMG4STRok: LEAVE HAHAHA
(36:34 / All) CELP]Blazz: not
(36:37 / All) Mata.: BRUTAL
(36:40 / All) Mata.: OWNAGE
(36:41 / All) TIMG4STRok: WE WANNA WISH U A MERRY CHRISTMAS
(36:41 / All) CELP]Blazz: destroy all base and win idiot
(36:43 / All) TIMG4STRok: FELIX NAVIDED
(36:51 / All) CELP]Blazz: u have all time of world sucks
(37:00 / All) CELP]Blazz: Mental idiots
(37:03 / Allies) TIMG4STRok: haha
(37:07 / All) CELP]Blazz: warcraft is ur life
(37:11 / All) CELP]Blazz: fucking assholes
(37:12 / All) TIMG4STRok: HAH BRAZIL KNOW NO ENGLISH INGLES ONLY SPEAK ESPANYOLE
(37:28 / All) iggy_the_fisk: live in shit country is ur life hahahahah spanish nooob
(37:32 / All) TIMG4STRok: HGAHAHAHAHAH BRAZIL ONLY KNOWS 2 THINGS, SHITTY LANGUAGE (SPAINISH) ANDGIVING FREE WINS
(37:40 / All) iggy_the_fisk: WANT SOME DOLLARS? HAHAHHA
(38:09 / Allies) TIMG4STRok: hope they towered
(38:27 / All) TIMG4STRok: BRAZIL LEAVE ADIOS VAMINOS
(38:53 / Allies) iggy_the_fisk: rogue packs of peasants scour the land looking for lumber
(39:09 / Allies) Mata.: piggy pillagin
(39:22 / All) Mata.: EZ-OWN
(39:25 / All) Mata.: TY BIGGY NOOBY
(39:29 / All) TIMG4STRok: HAHAHAHAHAH BRAZIL FAT SPIC
(39:43 / All) CELP]Blazz: si si deja de hablarme idiota
(39:51 / All) CELP]Blazz: DESTRUI LA BASE Y TERMINA HIJO DE PUTA
(39:54 / All) TIMG4STRok: THIS IS AMERICA SPEAK AMERICAN FAT
(40:08 / All) Mata.: TY FOR WIN
(40:09 / All) Mata.: GG